 Dungeon Crawl Stone Soup version 0.30-a0-415-g685d318daa (webtiles) character file.

Game seed: 417209432766260235

254 CrazyBamboolord the Gusty (level 6, 0/48 HPs)
             Began as a Tengu Air Elementalist on Dec 8, 2022.
             Slain by Pikel
             ... wielding a +1 whip of electrocution
              (6 damage)
             ... on level 4 of the Dungeon.
             The game lasted 00:10:13 (3780 turns).

CrazyBamboolord the Gusty (Tengu Air Elementalist)  Turns: 3780, Time: 00:10:14

Health: 0/48       AC: 23    Str:  8    XL:     6   Next: 15%
Magic:  5/12       EV:  2    Int: 18    God:
Gold:   230        SH:  0    Dex: 14    Spells: 2/12 levels left

rFire   . . .      SeeInvis .    m - +3 dagger (venom)
rCold   . . .      Faith    .    (no shield)
rNeg    . . .      Spirit   .    (body armour currently unavailable)
rPois   +          Reflect  .    (helmet currently unavailable)
rElec   .          Harm     .    (cloak currently unavailable)
rCorr   .          Rampage  .    (gloves currently unavailable)
Will    .....      NoTele   +    (boots unavailable)
Stlth   ++........               (no amulet)
HPRegen 0.28/turn                (no ring)
MPRegen 0.13/turn                (no ring)

@: tree-form (expiring), very slightly contaminated
A: stationary, stasis, torment immunity, boosted hp, (beak), (talons 3), nimble
flight
a: no special abilities


You were on level 4 of the Dungeon.
You were a tree.
You visited 1 branch of the dungeon, and saw 4 of its levels.

You collected 230 gold pieces.

Inventory:

Hand Weapons
 m - a +3 dagger of venom (weapon)
Armour
 a - a +1 robe (melded)
Scrolls
 c - a scroll of acquirement {unknown}
 d - 2 scrolls of enchant armour
 e - a scroll of noise {unknown}
 j - a scroll of vulnerability {unknown}
 l - a scroll of torment {unknown}
 o - a scroll of magic mapping {unknown}
 p - 2 scrolls of fear
 s - a scroll of immolation {unknown}
 u - a scroll of poison {unknown}
 v - a scroll of summoning {unknown}
 w - 2 scrolls of teleportation {unknown}
Potions
 b - a potion of magic
 f - a potion of might {unknown}
 g - 3 potions of flight
 h - a potion of resistance {unknown}
 k - a potion of mutation {unknown}
 q - a potion of curing {unknown}
 r - a potion of invisibility {unknown}
 t - 2 potions of attraction {unknown}


   Skills:
 * Level 2.9 Dodging
 * Level 2.8 Stealth
 * Level 3.5 Spellcasting
 * Level 3.7 Conjurations
 * Level 5.7 Air Magic


You had 2 spell levels left.
You knew the following spells:

 Your Spells              Type           Power      Damage    Failure   Level
a - Shock                 Conj/Air       80%        1d8       2%          1
b - Static Discharge      Conj/Air       40%        2-4/arc   3%          2
c - Swiftness             Air            23%        N/A       4%          3
d - Airstrike             Air            11%        2d(2-18)  14%         4

Your spell library contained the following spells:

 Spells                   Type           Power      Damage    Failure   Level
 Freeze                   Ice            12%        1d3       16%         1
 Slow                     Hex            12%        N/A       16%         1
 Hailstorm                Conj/Ice       9%         3d4       22%         3
 Confusing Touch          Hex            3%         N/A       43%         3
 Frozen Ramparts          Ice            6%         1d1       43%         3
 Vampiric Draining        Necr           3%         2d6       43%         3
 Irradiate                Conj/Tmut      4%         3d13      89%         5
 Blade Hands              Tmut           1%         N/A       99%         5
 Dragon Form              Tmut           1%         N/A       100%        7


Dungeon Overview and Level Annotations

Branches:
Dungeon (4/15)
 Temple: D:4-7

Altars:
Ru

Annotations:
D:4 Pikel


Innate Abilities, Weirdness & Mutations

You are a tree.
Your roots penetrate the ground, keeping you stationary.
You cannot be teleported.
You are immune to unholy pain and torment.
Your maximum health is greatly increased.
Your equipment is partially melded.
((You have a beak for a mouth.))
((You have claws for feet.))
Your magical nature lets you fly swiftly and evasively.


Message History

You feel much better.
Pikel hits you with a +1 whip of electrocution.
The lemure hits you but does no damage. x2
Casting: Static Discharge (safe; 3% risk of failure)
Confirm with . or Enter, or press ? or * to list all spells.
Aiming: Shock (safe; 2% risk of failure)
Press: ? - help, Shift-Dir - straight line, f - Pikel
Aim: Pikel, wielding a +1 whip of electrocution, wearing a +0 robe and carrying a wand of polymorph (3) (severely wounded, 64% to hit)
The zap hits Pikel.
Pikel is severely wounded.
Pikel hits you with a +1 whip of electrocution.
* * * LOW HITPOINT WARNING * * *
The lemure hits you but does no damage. x2
Magic courses through your body. Pikel hits you but does no damage.
The lemure completely misses you. The lemure hits you but does no damage.
Casting: Shock (safe; 2% risk of failure)
Confirm with . or Enter, or press ? or * to list all spells.
The spell is quite dangerous to miscast (14% risk of failure)!
Continue anyway?
Aiming: Airstrike (quite dangerous; 14% risk of failure)
Press: ? - help, Dir - move target, f/p - Pikel
Aim: Pikel, wielding a +1 whip of electrocution, wearing a +0 robe and carrying a wand of polymorph (3) (severely wounded, empty space bonus: 4/8)
The air twists around and strikes Pikel.
Pikel is almost dead.
Your transformation is almost over.
The lemure hits you but does no damage. Pikel barely misses you.
The lemure hits you.
* * * LOW HITPOINT WARNING * * *
Casting: Airstrike (quite dangerous; 14% risk of failure)
Confirm with . or Enter, or press ? or * to list all spells.
The spell is quite dangerous to miscast (14% risk of failure)!
Continue anyway?
Aiming: Airstrike (quite dangerous; 14% risk of failure)
Press: ? - help, Dir - move target, f/p - Pikel
Aim: Pikel, wielding a +1 whip of electrocution, wearing a +0 robe and carrying a wand of polymorph (3) (almost dead, empty space bonus: 4/8)
You miscast Airstrike.
You are very lightly contaminated with residual magic.
You are caught in an explosion of electrical discharges.
* * * LOW HITPOINT WARNING * * *
The lemure hits you but does no damage. x2
Pikel hits you with a +1 whip of electrocution.
You die...

###.#..### ##.##.#
##..##.##########################
...###..#.................##.....
.######...##.....######...##.....
.###...55###.....###.............
.....##.## #....5..........#.....
.#.####.# #..)K5#..............>
.#..###.# #...5♣#......#...#####
.##...#.## #.####>.#.......##
#####.#..###...##.......#..#
#####.....................#####
....####.#.......>.#.#........#
..............<......#........#
...............#...........<..#
.............#................#
...............^.#####........#


You could see Pikel and 3 lemures.

Vanquished Creatures
  A lemure (D:4)
  A hound (D:4)
  An orc priest (D:3)
  An iguana (D:4)
  4 gnolls (D:4)
  3 adders
  4 worms
  7 dart slugs
  6 orcs
  3 endoplasms
  4 giant cockroaches
  12 goblins
  3 hobgoblins (D:2)
  5 quokkas
  2 ball pythons
  5 bats
  10 frilled lizards
  5 kobolds
  5 rats
82 creatures vanquished.

Notes
Turn   | Place    | Note
-------+----------+-------------------------------------------
     0 | D:1      | CrazyBamboolord the Tengu Air Elementalist began the quest
                  | for the Orb.
     0 | D:1      | Reached XP level 1. HP: 10/10 MP: 4/4
    87 | D:1      | Found a faded altar of an unknown god.
   336 | D:1      | Reached XP level 2. HP: 15/15 MP: 0/6
  1117 | D:2      | Reached XP level 3. HP: 19/19 MP: 7/7
  1577 | D:2      | Learned a level 2 spell: Static Discharge
  1581 | D:2      | Learned a level 3 spell: Swiftness
  2027 | D:2      | Reached XP level 4. HP: 24/24 MP: 6/8
  2167 | D:2      | Reached skill level 5 in Air Magic
  2637 | D:3      | Gained mutation: Your magical nature lets you fly swiftly
                  | and evasively. [Tengu growth]
  2637 | D:3      | Reached XP level 5. HP: 28/28 MP: 6/10
  2882 | D:3      | Found a sacrificial altar of Ru.
  3183 | D:3      | Learned a level 4 spell: Airstrike
  3440 | D:4      | Reached XP level 6. HP: 23/32 MP: 0/12
  3701 | D:4      | Noticed Pikel
  3775 | D:4      | HP: 2/48 [Pikel/+1 whip of electrocution (14)]
  3780 | D:4      | Slain by Pikel

Illustrated notes

Levels and vault maps discovered:
D:1:      tarquinn_simple_flora_water_c, layout_loops_ring,
          ebering_ecumenical_altar_mist
D:2:      minmay_door_path, layout_loops_ring, minmay_goblin_kobold_house
D:3:      layout_basic, overflow_temple_1_default, minivault_14
D:4:      layout_rooms, uniq_pikel

Skill      XL: |  1  2  3  4  5 |
---------------+----------------+-----
Conjurations   | 2 3 |  3.7
Air Magic      | 5 |  5.7
Spellcasting   | 3 |  3.5
Dodging        | |  2.9
Stealth        | |  2.8

Action                   |  1- 3 |  4- 6 || total
-------------------------+-------+-------++-------
Melee: Unarmed           |     2 |    10 ||    12
       Peck              |     2 |       ||     2
       Dagger            |     7 |     7 ||    14
       Kick              |     2 |     2 ||     4
       Punch             |       |     1 ||     1
 Cast: Shock             |    88 |   105 ||   193
       Static Discharge  |       |     3 ||     3
       Airstrike         |       |     1 ||     1
  Use: Scroll            |     1 |     5 ||     6
       Potion            |       |     3 ||     3
Armor: Robe              |     4 |     1 ||     5
       Skin              |       |    17 ||    17
Dodge: Dodged            |    17 |    28 ||    45

Table legend: (Time is in decaauts)
 A = Elapsed time spent in this place.
 B = Non-inter-level travel time spent in this place.
 C = Inter-level travel time spent in this place.
 D = Time resting spent in this place.
 E = Time spent auto-exploring this place.
 F = Levels seen in this place.
 G = Mean time per level.
                   A        B        C        D        E       F      G
               +--------+--------+--------+--------+--------+-----+--------+
         Total |   3712 |   3632 |     80 |     95 |   3038 |   4 |  928.0 |
       Dungeon |   3712 |   3632 |     80 |     95 |   3038 |   4 |  928.0 |
               +--------+--------+--------+--------+--------+-----+--------+

Top non-repeatable levels by time:
     D:2: 1382 daAuts
     D:1: 933 daAuts
     D:3: 856 daAuts
     D:4: 540 daAuts
